 Dungeon Crawl Stone Soup version 0.27-a0-1301-g128193abf8 (webtiles) character file.

Game seed: 10700322988862603255

110 Snikeer the Magician (level 4, 0/32 HPs)
             Began as a Gnoll Hedge Wizard on June 17, 2021.
             Slain by an adder (3 damage)
             ... on level 2 of the Dungeon.
             The game lasted 00:04:39 (2999 turns).

Snikeer the Magician (Gnoll Hedge Wizard)           Turns: 2999, Time: 00:04:40

Health: 0/32       AC:  2    Str: 15    XL:     4   Next: 91%
Magic:  13/13      EV: 13    Int: 14    God:
Gold:   126        SH:  0    Dex: 12    Spells: 11/17 levels left

rFire    . . .     SeeInvis .   i - +3 spear
rCold    . . .     Faith    .   (no shield)
rNeg     . . .     Spirit   .   b - +0 robe
rPois    .         Reflect  .   c - +0 hat
rElec    .         Harm     .   (no cloak)
rCorr    .         Rampage  .   (no gloves)
Will     .....                  (no boots)
Stlth    +++.......             (no amulet)
HPRegen  0.10/turn              m - +6 ring of strength
MPRegen  0.13/turn              (no ring)

@: lethally poisoned (0 -> -4)
A: fangs 1, strong nose, distributed training
a: no special abilities


You were on level 2 of the Dungeon.
You visited 1 branch of the dungeon, and saw 3 of its levels.

You collected 126 gold pieces.

Inventory:

Hand Weapons
 d - a +4 hand axe
   (You found it on level 1 of the Dungeon)
 i - a +3 spear (weapon)
   (You found it on level 1 of the Dungeon)
Missiles
 j - 24 bolts
 s - 57 stones (quivered)
Armour
 b - a +0 robe (worn)
 c - a +0 hat (worn)
Jewellery
 m - a +6 ring of strength (left hand)
   (You found it on level 2 of the Dungeon)
 C - a ring of protection from cold {rC+, !d}
   (You found it on level 2 of the Dungeon)
Scrolls
 e - a scroll of noise {unknown}
 f - a scroll of identify {unknown}
 n - a scroll of vulnerability {unknown}
 o - a scroll of fog {unknown}
Potions
 a - 2 potions of heal wounds {unknown}
 g - 2 potions of might {unknown}
 h - a potion of attraction {unknown}
 k - 3 potions of brilliance {unknown}
 l - 2 potions of curing {unknown}
 p - a potion of invisibility {unknown}


   Skills:
 + Level 1.2 Fighting
 + Level 1.2 Short Blades
 + Level 1.2 Long Blades
 + Level 1.2 Axes
 + Level 1.2 Maces & Flails
 + Level 1.2 Polearms
 + Level 1.2 Staves
 + Level 1.2 Slings
 + Level 1.2 Bows
 + Level 1.2 Crossbows
 + Level 1.2 Throwing
 + Level 1.2 Armour
 + Level 4.7 Dodging
 + Level 4.3 Stealth
 + Level 1.2 Shields
 + Level 1.2 Unarmed Combat
 + Level 7.2 Spellcasting
 + Level 2.3 Conjurations
 + Level 1.0 Hexes
 + Level 2.3 Summonings
 + Level 1.0 Necromancy
 + Level 2.3 Translocations
 + Level 1.0 Transmutations
 + Level 1.0 Fire Magic
 + Level 1.0 Ice Magic
 + Level 1.0 Air Magic
 + Level 1.0 Earth Magic
 + Level 1.0 Poison Magic
 + Level 1.4 Invocations
 + Level 1.2 Evocations


You had 11 spell levels left.
You knew the following spells:

 Your Spells              Type           Power      Damage    Failure   Level
a - Magic Dart            Conj           44%        1d5       5%          1
b - Blink                 Tloc           N/A        N/A       9%          2
c - Call Imp              Summ           11%        N/A       9%          2
A - Animate Skeleton      Necr           16%        N/A       9%          1

Your spell library contained the following spells:

 Spells                   Type           Power      Damage    Failure   Level
 Apportation              Tloc           22%        N/A       5%          1
 Summon Small Mammal      Summ           44%        N/A       5%          1
 Corona                   Hex            8%         N/A       9%          1
 Slow                     Hex            8%         N/A       14%         2
 Conjure Flame            Conj/Fire      9%         6-21      21%         3
 Mephitic Cloud           Conj/Pois/Air  9%         N/A       22%         3


Dungeon Overview and Level Annotations

Branches:
Dungeon (3/15)

Altars:

Shops:
D:2 (![([


Innate Abilities, Weirdness & Mutations

You have very sharp teeth.
Your uncanny sense of smell can sniff out nearby items.
Your experience applies equally to all skills.


Message History

The orc wizard hits you but does no damage.
You hit the orc wizard.
Your Hexes skill increases to level 1!
Your Necromancy skill increases to level 1!
Your Transmutations skill increases to level 1!
Your Fire Magic skill increases to level 1!
Your Ice Magic skill increases to level 1!
Your Air Magic skill increases to level 1!
Your Earth Magic skill increases to level 1!
Your Poison Magic skill increases to level 1!
You bump into the rock wall.
You feel less confused.
There is a stone staircase leading up here.
You see here a +0 short sword.
Things that are here:
a +1 vampiric dagger; an orc corpse Unknown command.
You see here a +0 short sword.
Things that are here:
a +0 dagger; a +0 robe; an orc corpse You see here a +0 short sword.
There is a stone staircase leading up here.
You climb upwards.
There is a stone staircase leading down, spattered with blood here.
HP restored.
Done exploring.
Health restored: 32 You climb downwards.
There is a stone staircase leading up here.
You climb upwards.
There is a stone staircase leading down, spattered with blood here.
There is a stone staircase leading down here.
You climb downwards.
An adder, a rat, 4 jackals and an endoplasm come into view.
The endoplasm quivers.
There is a stone staircase leading up here.
The jackal barks! x3; The adder hisses angrily.
You hear a shout! x2
The jackal misses you.
The jackal barks!
You hear a shout! x3
You climb upwards.
There is a stone staircase leading down here.
You climb downwards.
An orc comes into view. It is wielding a +0 short sword.
The orc shouts!
The jackal bites you. The jackal closely misses you.
The jackal barely misses you. The jackal bites you.
The jackal closely misses you. The adder barely misses you.
The jackal misses you. The jackal closely misses you. The jackal misses you.
There is a stone staircase leading up here.
You take 3 damage, and have 29/32 hp.
The jackal bites you but does no damage.
The jackal barely misses you. The jackal closely misses you.
The adder barely misses you. The jackal closely misses you.
The jackal bites you but does no damage.
The jackal barely misses you. The adder bites you.
The jackal closely misses you. x2
You climb upwards.
There is a stone staircase leading down here.
You take 1 damage, and have 28/32 hp.
Casting: Call Imp (safe; 9% risk of failure)
Confirm with . or Enter, or press ? or * to list all spells.
You don't know that spell.
Casting: Call Imp (safe; 9% risk of failure)
Confirm with . or Enter, or press ? or * to list all spells.
You don't know that spell.
Unknown command.
You barely miss the jackal.
The jackal misses you. x2; The adder bites you.
The jackal barely misses you. The jackal closely misses you.
You take 5 damage, and have 23/32 hp.
You completely miss the jackal. The jackal bites you.
The jackal bites you but does no damage.
The jackal completely misses you. The adder misses you.
The jackal closely misses you. The jackal bites you.
The jackal bites you but does no damage.
The jackal closely misses you. The adder bites you.
You are poisoned.
The adder poisons you!
You take 6 damage, and have 17/32 hp.
You barely miss the jackal.
You feel sick. The jackal misses you. The jackal closely misses you.
The jackal barely misses you.
The jackal bites you but does no damage.
The jackal bites you. The adder bites you but does no damage.
You take 3 damage, and have 14/32 hp.
You hit the jackal. You bite the jackal, but do no damage.
You feel sick. The jackal misses you. The jackal barely misses you.
The jackal closely misses you. The jackal bites you.
The adder barely misses you. The jackal bites you.
* * * LOW HITPOINT WARNING * * *
The jackal closely misses you.
You take 5 damage, and have 9/32 hp.
You completely miss the jackal. You bite the jackal, but do no damage.
You feel sick. The jackal bites you.
* * * LOW HITPOINT WARNING * * *
The jackal misses you. The adder bites you.
* * * LOW HITPOINT WARNING * * *
The jackal barely misses you. The jackal misses you.
The jackal barely misses you. The jackal bites you.
* * * LOW HITPOINT WARNING * * *
The adder bites you.
You die...

.#.#.....######..# #.# #.#
.#.####### #..# #.####.# .#.....#
#..# #.#....####
.##############..######.#.###....
.................#......#...#.#..
##############...#.######.#.#.#.≈
.........##..#...#.#......#.#.#≈.
.........##..#.hh#.#.######.#...≈
..........#..#.S@#.#.# #.#....
..........#..#.hh#.#.# #.#.#..
..........#..#...#.#.# #.#.#.#
#########.#..#...#.#.# #.#.>.#
#.#..#.....#.# #.#####
#########.#..#.#...#.######'##...
.......##.#......).#...........##
######+##.#.<#.###.#...∩.....<.#
#.......#.#.##.# #.#...........#


You could see an adder and 4 jackals.

Vanquished Creatures
  An orc wizard (D:3)
  2 adders (D:2)
  A dart slug (D:2)
  2 orcs (D:3)
  7 ball pythons
  5 bats
  6 endoplasms (D:1)
  7 goblins
  4 hobgoblins
  9 jackals
  A quokka (D:1)
  3 frilled lizards
  2 kobolds
  4 rats
54 creatures vanquished.

Vanquished Creatures (collateral kills)
  A worm (D:2)
1 creature vanquished.

Vanquished Creatures (others)
  A fungus (D:1)
  5 plants (D:1)
  A withered plant (D:3)
7 creatures vanquished.

Grand Total: 62 creatures vanquished

Notes
Turn   | Place    | Note
-------+----------+-------------------------------------------
     0 | D:1      | Snikeer the Gnoll Hedge Wizard began the quest for the Orb.
     0 | D:1      | Reached XP level 1. HP: 13/13 MP: 8/8
   118 | D:1      | Reached skill level 2 in Conjurations
   118 | D:1      | Reached skill level 2 in Summonings
   118 | D:1      | Reached skill level 2 in Translocations
   134 | D:1      | Reached XP level 2. HP: 12/19 MP: 1/10
   308 | D:1      | Found a faded altar of an unknown god.
   558 | D:1      | Reached XP level 3. HP: 25/25 MP: 11/11
  1042 | D:1      | Reached skill level 1 in Invocations
  1352 | D:2      | Learned a level 2 spell: Call Imp
  1355 | D:2      | Learned a level 2 spell: Blink
  1357 | D:2      | Learned a level 1 spell: Animate Skeleton
  1561 | D:2      | Reached skill level 1 in Fighting
  1561 | D:2      | Reached skill level 1 in Short Blades
  1561 | D:2      | Reached skill level 1 in Long Blades
  1561 | D:2      | Reached skill level 1 in Axes
  1561 | D:2      | Reached skill level 1 in Maces & Flails
  1561 | D:2      | Reached skill level 1 in Polearms
  1561 | D:2      | Reached skill level 1 in Staves
  1561 | D:2      | Reached skill level 1 in Slings
  1561 | D:2      | Reached skill level 1 in Bows
  1561 | D:2      | Reached skill level 1 in Crossbows
  1561 | D:2      | Reached skill level 1 in Throwing
  1561 | D:2      | Reached skill level 1 in Armour
  1561 | D:2      | Reached skill level 1 in Shields
  1561 | D:2      | Reached skill level 1 in Unarmed Combat
  1561 | D:2      | Reached skill level 1 in Evocations
  1594 | D:2      | Found Koroi's Antique Weapon Shop.
  1863 | D:2      | Reached XP level 4. HP: 28/32 MP: 13/13
  2120 | D:2      | Found Nownud's Armour Shop.
  2155 | D:2      | Found Noeraj's Distillery.
  2333 | D:2      | Found Ozaco's Armour Boutique.
  2348 | D:2      | Found Zuthes's Antique Weapon Boutique.
  2883 | D:3      | Reached skill level 1 in Hexes
  2883 | D:3      | Reached skill level 1 in Necromancy
  2883 | D:3      | Reached skill level 1 in Transmutations
  2883 | D:3      | Reached skill level 1 in Fire Magic
  2883 | D:3      | Reached skill level 1 in Ice Magic
  2883 | D:3      | Reached skill level 1 in Air Magic
  2883 | D:3      | Reached skill level 1 in Earth Magic
  2883 | D:3      | Reached skill level 1 in Poison Magic
  2999 | D:2      | HP: 8/32 [poisoned by an adder]
  2999 | D:2      | HP: 3/32 [jackal (3)]
  2999 | D:2      | Slain by an adder

Illustrated notes

Levels and vault maps discovered:
D:1:      dpeg_arrival_tiny_c, layout_loops_ring,
          shapermc_ecumenical_altar_mp_ritualfount, hangedman_decor_opposing,
          chequers_arboretum
D:2:      layout_basic, serial_shops, shop, shop, nicolae_diamond_shop, shop,
          shop, minmay_pentomino_pile
D:3:      layout_loops_ring, serial_undead, serial_undead_b, serial_undead_f,
          serial_undead_b, serial_undead_f, kennysheep_generic_room_2,
          uniq_jessica, uniq_sigmund, uniq_terence

Skill      XL: |  1  2  3  4 |
---------------+-------------+-----
Conjurations   | 2 |  2.3
Summonings     | 2 |  2.3
Translocations | 2 |  2.3
Invocations    | 1 |  1.4
Fighting       | 1 |  1.2
Short Blades   | 1 |  1.2
Long Blades    | 1 |  1.2
Axes           | 1 |  1.2
Maces & Flails | 1 |  1.2
Polearms       | 1 |  1.2
Staves         | 1 |  1.2
Slings         | 1 |  1.2
Bows           | 1 |  1.2
Crossbows      | 1 |  1.2
Throwing       | 1 |  1.2
Armour         | 1 |  1.2
Shields        | 1 |  1.2
Unarmed Combat | 1 |  1.2
Evocations     | 1 |  1.2
Hexes          | 1 |  1.0
Necromancy     | 1 |  1.0
Transmutations | 1 |  1.0
Fire Magic     | 1 |  1.0
Ice Magic      | 1 |  1.0
Air Magic      | 1 |  1.0
Earth Magic    | 1 |  1.0
Poison Magic   | 1 |  1.0
Dodging        | |  4.7
Stealth        | |  4.3
Spellcasting   | |  7.2

Action                   |  1- 3 |  4- 6 || total
-------------------------+-------+-------++-------
Melee: Dagger            |     9 |       ||     9
       Bite              |     9 |     3 ||    12
       Hand axe          |    33 |       ||    33
       Spear             |    80 |    44 ||   124
 Cast: Magic Dart        |    17 |       ||    17
       Call Imp          |     4 |       ||     4
 Stab: Sleeping          |    11 |     6 ||    17
Armor: Robe              |    12 |    10 ||    22
Dodge: Dodged            |    69 |    55 ||   124

Table legend: (Time is in decaauts)
 A = Elapsed time spent in this place.
 B = Non-inter-level travel time spent in this place.
 C = Inter-level travel time spent in this place.
 D = Time resting spent in this place.
 E = Time spent auto-exploring this place.
 F = Levels seen in this place.
 G = Mean time per level.
                   A        B        C        D        E       F      G
               +--------+--------+--------+--------+--------+-----+--------+
         Total |   3019 |   2862 |    157 |      0 |   2414 |   3 | 1006.3 |
       Dungeon |   3019 |   2862 |    157 |      0 |   2414 |   3 | 1006.3 |
               +--------+--------+--------+--------+--------+-----+--------+

Top non-repeatable levels by time:
     D:2: 1706 daAuts
     D:1: 1263 daAuts
     D:3: 49 daAuts

Table legend:
 A = Kills in this place as a percentage of kills in entire the game.
 B = Kills by you in this place as a percentage of kills by you in the entire game.
 C = Kills by friends in this place as a percentage of kills by friends in the entire game.
 D = Other kills in this place as a percentage of other kills in the entire game.
 E = Experience gained in this place as a percentage of experience gained in the entire game.
 F = Experience gained in this place divided by the number of levels of this place that you have seen.
                   A       B       C       D       E      F
               +-------+-------+-------+-------+-------+----------------------
         Total | 100.0 | 100.0 | 100.0 |   N/A | 100.0 |  52.7
       Dungeon | 100.0 | 100.0 | 100.0 |   N/A | 100.0 |  52.7
               +-------+-------+-------+-------+-------+----------------------
